AoeStats
← Prushogamer

Arena

505334839Analyzed
4v4 RM · 22d ago on Sep 8, 2026· 44m 38s· 8 players
Game mode
Random Map
Map size
Large (8 player)
Population
200
Speed
Normal
Resources
Standard
Victory
Conquest
Starting age
Dark Age
Ending age
Imperial Age
RankedLock teamsTeams togetherTeam positionsShared explorationLock speedFull tech treeHidden civsTurbo modeCheats
Victory
Defeat
🇳🇿 Armenians · New Zealand
1123
+14
🇨🇳 Lithuanians · China
1114
+15
🇺🇸 Spanish · United States
1106
+15
🇳🇿 Turks · New Zealand
1063
+17
🇦🇷 Celts · Argentina
1170
-19
🇺🇸 Japanese · United States
1092
-16
🇨🇱 Slavs · Chile
1084
-15
🇦🇷 Spanish · Argentina
979
-11
Dj_HouseKarl
11:00 Feudal Age
12:40 Double-Bit Axe
17:55 Castle Age
16:35 Horse Collar
17:31 Loom
22:11 Wheelbarrow
21:22 Town Watch
22:40 Scale Mail Armor
24:51 Fletching
30:56 Bodkin Arrow
33:08 Guard Tower
33:30 Masonry
37:34 Hand Cart
39:01 Town Patrol
43:58 Imperial Age
43:57 Chain Mail Armor
43:53 Forging
Locomaxi
11:20 Feudal Age
15:32 Castle Age
14:08 Double-Bit Axe
15:40 Horse Collar
17:41 Bow Saw
18:56 Forging
22:36 Wheelbarrow
21:46 Loom
22:22 Town Watch
23:36 Sanctity
24:21 Hand Cart
24:41 Squires
27:11 Heavy Plow
27:23 Bow Saw
27:57 Town Patrol
28:51 Scale Barding Armor
29:21 Iron Casting
31:50 Imperial Age
29:39 Bloodlines
29:29 Husbandry
29:46 Stone Mining
29:48 Gold Mining
31:15 Chain Barding Armor
33:19 Plate Barding Armor
32:35 Elite Boyar
34:51 Blast Furnace
34:15 Conscription
36:46 Siege Engineers
37:43 Chemistry
38:55 Detinets
40:16 Murder Holes
39:46 Pikeman
40:21 Halberdier
41:33 Scale Mail Armor
43:22 Fletching
44:09 Ballistics
Fencer_Khan
11:03 Feudal Age
15:08 Castle Age
13:37 Double-Bit Axe
13:43 Gold Mining
14:19 Horse Collar
23:45 Bow Saw
24:55 Loom
28:03 Heavy Plow
29:21 Ballistics
34:09 Wheelbarrow
35:18 Fortified Wall
37:27 Scale Mail Armor
37:39 Forging
37:59 Hand Cart
Prushogamer
5:45 Loom
9:51 Feudal Age
15:17 Castle Age
14:08 Double-Bit Axe
14:56 Horse Collar
24:20 Bloodlines
25:04 Light Cavalry
25:46 Loom
28:32 Wheelbarrow
31:42 Hand Cart
35:09 Imperial Age
33:06 Husbandry
33:07 Town Watch
33:53 Inquisition
35:45 Fortified Wall
37:46 Pikeman
38:38 Town Patrol
38:28 Halberdier
Baylon
2:21 Loom
9:23 Feudal Age
15:10 Castle Age
16:23 Double-Bit Axe
18:42 Bow Saw
39:38 Wheelbarrow
41:37 Imperial Age
40:05 Pikeman
40:45 Squires
40:31 Gambesons
40:33 Arson
42:32 Wheelbarrow
42:42 Conscription
41:47 Halberdier
43:29 Scale Mail Armor
43:39 Forging
44:15 Elite Conquistador
44:59 Padded Archer Armor
smurfrus
11:19 Feudal Age
14:12 Loom
16:38 Castle Age
21:33 Imperial Age
19:12 Double-Bit Axe
19:25 Gold Mining
21:32 Wheelbarrow
25:52 Ballistics
26:22 Padded Archer Armor
26:41 Bow Saw
37:51 Gold Shaft Mining
Oldman1976
11:16 Feudal Age
12:18 Double-Bit Axe
12:17 Horse Collar
15:15 Castle Age
16:40 Bow Saw
17:30 Wheelbarrow
18:13 Fervor
18:24 Sanctity
21:12 Man-at-Arms
22:13 Long Swordsman
22:54 Squires
23:09 Heavy Plow
Altria Pendragon
9:49 Feudal Age
12:35 Loom
15:09 Castle Age
13:22 Double-Bit Axe
13:25 Horse Collar
16:44 Heavy Plow
19:27 Bow Saw
22:29 Wheelbarrow
24:11 Gold Mining
24:27 Stone Mining
25:29 Scale Barding Armor
25:35 Forging
28:37 Imperial Age
26:48 Hand Cart
27:58 Chain Barding Armor
27:32 Town Watch
29:43 Iron Casting
29:07 Cavalier
30:25 Plate Barding Armor
29:34 Treadmill Crane
30:36 Bloodlines
30:26 Husbandry
30:42 Paladin
34:12 Conscription
36:15 Two-Man Saw
35:51 Crop Rotation
35:13 Fletching
35:24 Scale Mail Armor
35:24 Padded Archer Armor
36:19 Stone Shaft Mining
41:07 Hoardings
Connection lost

Rejoining the realm…

Still unreachable

The connection could not be restored.

Session expired

The server has moved on; the page needs a fresh start.